 Dungeon Crawl Stone Soup version 0.31-a0-728-g01b46875f1 (webtiles) character file.

Game seed: 9987987962897397734

22591 Newt the Fighter (level 13, 0/76 HPs)
             Began as a Gargoyle Fighter on Sept 11, 2023.
             Was a High Priest of Hepliaklqana.
             Slain by a killer bee (7 damage)
             ... on level 1 of the Lair of Beasts.
             The game lasted 00:11:48 (9233 turns).

Newt the Fighter (Gargoyle Fighter)                 Turns: 9233, Time: 00:11:49

Health: 0/76       AC: 32    Str: 27    XL:     13   Next: 1%
Magic:  36/36      EV: 13    Int: 15    God:    Hepliaklqana [*****.]
Gold:   568        SH:  5    Dex:  9    Spells: 28/30 levels left

rFire   . . .        w - +7 Throatcutter {drain, coup de grace}
rCold   . . .        c - +0 buckler
rNeg    + . .        C - +6 chain mail "Novviad" {*Slow rCorr Str+3 Slay+3}
rPois   ∞            l - +3 hat of Pondering {ponderous, Will+ MP+10 Int+5}
rElec   +            (no cloak)
rCorr   +            y - +2 pair of gloves {Stlth+}
SInv    .            (no boots)
Will    ++...        B - amulet of regeneration Stlth
                     g - ring of willpower
HPRegen 1.12/turn    q - +5 ring of evasion
MPRegen 0.25/turn

%: slow self (1%)
@: about to teleport, studying Spellcasting, slow
A: reduced essence, sickness immunity, AC +9, negative energy resistance 1,
electricity resistance, torment resistance 1, petrification resistance
a: Renounce Religion, Recall Ancestor, Ancestor Identity, Transference, Idealise


You were on level 1 of the Lair of Beasts.
You worshipped Hepliaklqana.
Hepliaklqana was extremely pleased with you.
You visited 2 branches of the dungeon, and saw 12 of its levels.
You also visited: Bailey.

You collected 782 gold pieces.
You spent 214 gold pieces at shops.

Inventory:

Hand Weapons
 a - a +1 flail of venom
 r - a +4 club of draining
 t - a +4 dire flail of protection
 w - the +7 Throatcutter (weapon) {drain, coup de grace}
   (You found it on level 5 of the Dungeon)
 D - a +2 flail of holy wrath
Armour
 b - a +0 scale mail
 c - a +0 buckler (worn)
 l - the +3 hat of Pondering (worn) {ponderous, Will+ MP+10 Int+5}
   (You took it off Gastronok on level 10 of the Dungeon)

   Int+5:     It affects your intelligence (+5).
   Will+:     It increases your willpower.
   MP+10:     It affects your magic capacity (+10).
 n - a +1 helmet of see invisible
 o - a +1 pair of gloves
 u - a +1 ring mail of fire resistance
 y - a +2 pair of gloves of stealth (worn)
 C - the +6 chain mail "Novviad" (worn) {*Slow rCorr Str+3 Slay+3}
   (You found it on level 8 of the Dungeon)

   Str+3:     It affects your strength (+3).
   Slay+3:    It affects your accuracy & damage with ranged weapons and melee
   (+3).
   rCorr:     It protects you from acid and corrosion.
   *Slow:     It may slow you when you take damage.
 G - a +8 chain mail of ponderousness
Jewellery
 g - a ring of willpower (left hand)
 q - a +5 ring of evasion (right hand)
 v - an amulet of guardian spirit
 B - an amulet of regeneration (around neck)
 F - a ring of wizardry
 L - a ring of protection from cold
Wands
 h - a wand of roots (27)
 p - a wand of paralysis (19)
 N - a wand of quicksilver (6)
 S - a wand of flame (9)
 T - a wand of polymorph (6)
Scrolls
 e - 2 scrolls of amnesia
 f - 3 scrolls of immolation
 m - a scroll of teleportation
 x - 2 scrolls of fear
 A - 2 scrolls of enchant weapon
 E - 3 scrolls of enchant armour
 H - a scroll of torment
 U - a scroll of fog
Potions
 d - 5 potions of might
 i - 3 potions of mutation
 j - 2 potions of attraction
 k - 7 potions of heal wounds
 s - 4 potions of invisibility
 z - 3 potions of degeneration
 I - a potion of lignification
 J - 2 potions of resistance {unknown}
 K - a potion of berserk rage {unknown}
 M - 3 potions of brilliance {unknown}
 O - 2 potions of haste {unknown}
 P - 3 potions of cancellation {unknown}
 R - a potion of enlightenment {unknown}


   Skills:
 - Level 11.8 Fighting
 - Level 10.1 Long Blades
 - Level 9.6 Maces & Flails
 - Level 7.9 Armour
 - Level 7.9 Shields
 + Level 9.2 Spellcasting
 - Level 4.4 Transmutations


You had 28 spell levels left.
You knew the following spells:

 Your Spells              Type           Power      Damage    Failure   Level
a - Wereblood             Tmut           20%        N/A       12%         2

Your spell library contained the following spells:

 Spells                   Type           Power      Damage    Failure   Level
 Apportation              Tloc           12%        N/A       45%         1
 Freeze                   Ice            24%        1d4       45%         1
 Summon Small Mammal      Summ           24%        N/A       45%         1
 Jinxbite                 Hex            12%        N/A       58%         2
 Call Canine Familiar     Summ           6%         N/A       83%         3
 Frozen Ramparts          Ice            12%        1d2       83%         3
 Hailstorm                Conj/Ice       6%         3d4       83%         3
 Summon Guardian Golem    Hex/Summ       6%         N/A       83%         3
 Vhi's Electric Charge    Tloc/Air       12%        N/A       99%         4
 Alistair's Intoxication  Tmut/Pois      8%         N/A       99%         5
 Arcjolt                  Conj/Air       3%         1d13      100%        5
 Summon Forest            Summ/Tloc      3%         N/A       100%        5
 Summon Mana Viper        Hex/Summ       6%         N/A       100%        5
 Plasma Beam              Fire/Air       3%         2x1d13    100%        6
 Summon Cactus Giant      Summ           3%         N/A       100%        6
 Summon Hydra             Summ           3%         N/A       100%        7
 Sublimation of Blood     Necr           Unusable   N/A       N/A         2

Dungeon Overview and Level Annotations

Branches:
Dungeon (11/15)            Temple (0/1) D:5            Lair (1/5) D:8
 Bailey (visited)
    Orc: D:9-12

Altars:
Cheibriados
Hepliaklqana
Nemelex Xobeh
Okawaru
Qazlal
Sif Muna
Trog
Vehumet
The Shining One

Shops:
D:4 [   D:7 :

Annotations:
D:3 1 transporter


Innate Abilities, Weirdness & Mutations

Your life essence is reduced to manifest your ancestor. (-10% HP)
You are immune to sickness and miasma.
Your stone body is resilient. (AC +9)
You are immune to poison.
You resist negative energy. (rN+)
You are resistant to electric shocks. (rElec)
You are resistant to unholy torment.
You are immune to petrification.


Message History

Unknown command.
Unknown command.
You slash the killer bee!
You kill the killer bee!
The killer bee stings you but does no damage.
You block the killer bee's attack. The killer bee misses you.
The killer bee stings you but does no damage. x2
The killer bee stings you.
* * * LOW HITPOINT WARNING * * *
As you read the scroll of teleportation, it crumbles to dust.
You feel strangely unstable. You block the killer bee's attack.
The killer bee barely misses you.
The killer bee stings you but does no damage.
The killer bee misses you. The killer bee closely misses you.
The killer bee stings you but does no damage.
Unknown command.
You miss the killer bee. You block the killer bee's attack.
The killer bee barely misses you.
The killer bee stings you but does no damage.
The killer bee misses you. You block the killer bee's attack.
The killer bee stings you.
* * * LOW HITPOINT WARNING * * *
The killer bee closely misses you.
The killer bee stings you but does no damage.
Unknown command.
You closely miss the killer bee. The killer bee closely misses you.
The killer bee barely misses you. The killer bee misses you.
The killer bee stings you.
* * * LOW HITPOINT WARNING * * *
The killer bee barely misses you. You block the killer bee's attack.
The killer bee stings you but does no damage. x2
Unknown command.
Unknown command.
Unknown command.
You closely miss the killer bee. The killer bee stings you!
* * * LOW HITPOINT WARNING * * *
The killer bee barely misses you. You block the killer bee's attack.
The killer bee stings you but does no damage.
The killer bee barely misses you. The killer bee stings you!
You die...

........#######....##
.........#.P#.....##
............##...##
.................#
..##.............#
..###............#
...##..........##### #####
..###..........###y###.#.# ##
..............##@yy..y††.####..#.
...............yyy...............
................y.......†.....y..
...........................y.....
.#.....................††........
................#######..........
..............### #..##......
....##........# ..## ######
...####.......# †#.


You could see a queen bee and 7 killer bees.

Vanquished Creatures
  Gastronok (D:10)
  2 two-headed ogres
  An orc knight (D:11)
  A manticore (D:10)
  A cyclops (D:11)
  A cane toad (Lair:1)
  A komodo dragon (Lair:1)
  A rime drake (Lair:1)
  A polar bear (Lair:1)
  2 trolls (D:10)
  A hornet (D:9)
  Sigmund (D:4)
  2 wyverns (D:8)
  9 yaks
  A basilisk (Lair:1)
  2 vampire mosquitoes (D:11)
  Edmund (D:4)
  2 water moccasins
  3 ice beasts
  7 orc warriors
  A black bear (D:4)
  An ogre (D:5)
  4 centaurs
  2 phantoms
  9 kobold brigands
  6 bullfrogs
  2 scorpions
  5 wights (D:8)
  15 killer bees
  5 howler monkeys
  2 hounds
  2 gnoll boudas (D:6)
  3 orc priests (D:9)
  A sleepcap (D:8)
  Ijyb (D:4)
  2 iguanas (D:5)
  17 orc wizards
  25 gnolls
  12 adders
  A shadow imp (D:6)
  2 dart slugs
  35 orcs
  8 ball pythons
  2 bats
  5 endoplasms
  2 giant cockroaches (D:1)
  A goblin (D:2)
  6 hobgoblins
  2 jackals (D:1)
  11 kobolds
  3 quokkas
  4 frilled lizards
  4 rats
242 creatures vanquished.

Vanquished Creatures (collateral kills)
  A gargoyle (D:10)
  An unseen horror (D:10)
  A wraith (D:10)
  A yak (D:11)
  2 centaurs (D:11)
  2 bullfrogs (Lair:1)
  5 killer bees (Lair:1)
  4 howler monkeys
  An orc priest (D:9)
  2 jellies
  2 orc wizards
  4 gnolls
  7 orcs
  A goblin (D:10)
  3 kobolds (D:8)
37 creatures vanquished.

Vanquished Creatures (others)
  2 battlemagi
  An ancestor (D:6)
3 creatures vanquished.

Grand Total: 282 creatures vanquished

Notes
Turn   | Place    | Note
-------+----------+-------------------------------------------
     0 | D:1      | Newt the Gargoyle Fighter began the quest for the Orb.
     0 | D:1      | Reached XP level 1. HP: 14/14 MP: 1/1
   209 | D:1      | Reached XP level 2. HP: 20/20 MP: 2/2
   250 | D:1      | Reached skill level 4 in Fighting
   876 | D:1      | Reached XP level 3. HP: 24/24 MP: 3/3
  1077 | D:2      | Reached skill level 5 in Fighting
  1118 | D:2      | Reached XP level 4. HP: 31/31 MP: 4/4
  1132 | D:2      | Found a snail-covered altar of Cheibriados.
  1212 | D:2      | Found a faded altar of an unknown god.
  1735 | D:3      | Reached XP level 5. HP: 35/35 MP: 5/5
  2090 | D:3      | Found a shimmering blue altar of Sif Muna.
  2114 | D:3      | Found a sparkling altar of Nemelex Xobeh.
  2114 | D:3      | Found a transporter.
  2115 | D:3      | Noticed an ice beast
  2365 | D:3      | Reached skill level 10 in Fighting
  2365 | D:3      | Reached XP level 6. HP: 48/48 MP: 6/6
  2366 | D:3      | Reached XP level 7. HP: 53/53 MP: 7/7
  2437 | D:4      | Found Zeasipo's Armour Shoppe.
  2497 | D:4      | Bought a +1 helmet of see invisible for 214 gold pieces
  2547 | D:4      | Noticed Sigmund
  2556 | D:4      | Killed Sigmund
  2557 | D:4      | Reached XP level 8. HP: 59/59 MP: 8/8
  2738 | D:4      | Found a hazy altar of Hepliaklqana.
  2757 | D:4      | Noticed Ijyb
  2771 | D:4      | Killed Ijyb
  2772 | D:4      | Reached skill level 11 in Fighting
  2783 | D:4      | Became a worshipper of Hepliaklqana the Forgotten
  3042 | D:4      | Noticed Edmund
  3059 | D:4      | Killed Edmund
  3242 | D:5      | Entered Level 5 of the Dungeon
  3362 | D:5      | Found the +7 Throatcutter {drain, coup de grace}
  3429 | D:5      | Reached XP level 9. HP: 37/65 MP: 9/9
  3768 | D:5      | Found a staircase to the Ecumenical Temple.
  3927 | D:5      | Reached skill level 1 in Long Blades
  3962 | D:5      | Reached * piety under Hepliaklqana
  4301 | D:6      | Noticed a two-headed ogre
  4310 | D:6      | Killed a two-headed ogre
  4461 | D:6      | Found a bloodstained altar of Trog.
  4504 | D:6      | Reached XP level 10. HP: 58/63 MP: 8/10
  4917 | D:7      | Reached ** piety under Hepliaklqana
  5107 | D:7      | Reached skill level 5 in Long Blades
  5467 | D:7      | Found Acarch's Book Emporium.
  5648 | D:8      | Identified the +6 chain mail "Novviad" {*Slow rCorr Str+3
                  | Slay+3}
  6096 | D:8      | Reached *** piety under Hepliaklqana
  6112 | D:8      | Found a staircase to the Lair.
  6126 | D:8      | Identified the +0 leather armour of Insecurity {Harm rElec
                  | Regen+ Dex-3}
  6330 | D:9      | Found a stormy altar of Qazlal.
  6461 | D:9      | Found a snail-covered altar of Cheibriados.
  6481 | D:9      | Found a radiant altar of Vehumet.
  6695 | D:9      | Found an iron altar of Okawaru.
  6729 | D:9      | Reached XP level 11. HP: 59/68 MP: 11/11
  6729 | D:9      | Remembered your ancestor Wigmund as a battlemage
  6878 | D:9      | Noticed a two-headed ogre
  6886 | D:9      | Killed a two-headed ogre
  7072 | D:10     | Entered Level 10 of the Dungeon
  7113 | D:10     | Found a glowing golden altar of the Shining One.
  7155 | D:10     | Reached **** piety under Hepliaklqana
  7184 | D:10     | Noticed Gastronok
  7197 | D:10     | Killed Gastronok
  7240 | D:10     | Identified the +5 spear "Wisoap" {heavy, *Noise Str+4
                  | Int+2}
  7245 | D:10     | Found a flagged portal.
  7254 | Bailey   | Entered a bailey
  7268 | Bailey   | Reached XP level 12. HP: 72/72 MP: 19/19
  7272 | Bailey   | Learned a level 2 spell: Wereblood
  7552 | D:10     | Acquired a manual of Spellcasting
  8204 | D:11     | Reached skill level 10 in Long Blades
  8245 | D:11     | Reached skill level 5 in Spellcasting
  8770 | Lair:1   | Entered Level 1 of the Lair of Beasts
  8894 | Lair:1   | Reached ***** piety under Hepliaklqana
  9215 | Lair:1   | Reached XP level 13. HP: 20/76 MP: 26/26
  9233 | Lair:1   | Slain by a killer bee

Illustrated notes

Levels and vault maps discovered:
D:1:      psy_arrival_radial02, layout_basic
D:2:      layout_loops_cross, serial_bayou, serial_bayou_pond_d,
          serial_bayou_lagoon_a, serial_bayou_ford_a, serial_bayou_pond_d,
          serial_bayou_pond_d, serial_bayou_lagoon_b,
          ebering_ecumenical_altar_webs, basic_altar,
          hangedman_abyss_or_decor_lesser_grid
D:3:      layout_rooms, lemuel_blue_sif_altar, grunt_nemelex_the_gamble
D:4:      layout_basic, mainiacjoe_overflow_boulevard, serial_shops,
          nicolae_shop_tiny_glass, uniq_edmund, uniq_ijyb, uniq_sigmund
D:5:      layout_basic, temple_statues, dilly_guarded_unrand_throatcut
D:6:      layout_basic, mainiacjoe_overflow_small_starburst,
          nicolae_kite_square_tiling_tiny
D:7:      layout_basic, serial_shops, nicolae_shop_just_a_little_nook
D:8:      layout_basic, lair_entry_dummy
D:9:      layout_gridville, kennysheep_little_box, lemuel_doored_altar,
          cheibriados_altar_1, mainiacjoe_overflow_concentric_impassable
D:10:     layout_long_grid, mainiacjoe_overflow_surrounded_room, enter_bailey_4,
          minmay_misc_feat_enclosed, uniq_gastronok
D:11:     layout_roguey
Lair:1:   layout_hall_layers, special_room [special_room_bee]

Skill      XL: |  1  2  3  4  5  6  7  8  9 10 11 12 |
---------------+-------------------------------------+-----
Fighting       | 4 5 10 11 | 11.8
Maces & Flails | 3 9 |  9.6
Armour         | 7 |  7.9
Shields        | 7 |  7.9
Long Blades    | 4 7 9 10 | 10.1
Spellcasting   | 4 9 |  9.2
Transmutations | 4 |  4.4

Action                     |  1- 3 |  4- 6 |  7- 9 | 10-12 | 13-15 || total
---------------------------+-------+-------+-------+-------+-------++-------
  Melee: Flail             |   101 |    68 |    43 |       |       ||   212
         Club              |       |       |    98 |       |       ||    98
         Long sword        |       |       |    82 |   345 |    12 ||   439
   Cast: Wereblood         |       |       |       |     4 |       ||     4
 Invoke: Recall Ancestor   |       |       |       |     1 |       ||     1
         Ancestor Life: Ba |       |       |       |     1 |       ||     1
    Use: Scroll            |     9 |     4 |     5 |     7 |     1 ||    26
         Potion            |       |     2 |       |     1 |       ||     3
   Stab: Paralysed         |       |       |     1 |       |       ||     1
         Distracted        |       |       |     1 |     7 |       ||     8
 Armour: Scale mail        |    63 |    43 |    23 |       |       ||   129
         Ring mail         |       |       |    83 |    33 |       ||   116
         Chain mail        |       |       |       |   307 |    26 ||   333
  Dodge: Dodged            |    57 |    38 |   136 |   399 |    37 ||   667
  Block: Buckler           |    18 |    14 |    41 |   140 |    13 ||   226

Table legend: (Time is in decaauts)
 A = Elapsed time spent in this place.
 B = Non-inter-level travel time spent in this place.
 C = Inter-level travel time spent in this place.
 D = Time resting spent in this place.
 E = Time spent auto-exploring this place.
 F = Levels seen in this place.
 G = Mean time per level.
                   A        B        C        D        E       F      G
               +--------+--------+--------+--------+--------+-----+--------+
         Total |   9536 |   9157 |    379 |    274 |   7097 |  13 |  733.5 |
       Dungeon |   8725 |   8346 |    379 |    274 |   6505 |  11 |  793.2 |
          Lair |    495 |    495 |      0 |      0 |    379 |   1 |  495.0 |
        Bailey |    314 |    314 |      0 |      0 |    213 |   1 |  314.0 |
               +--------+--------+--------+--------+--------+-----+--------+

Top non-repeatable levels by time:
     D:1: 978 daAuts
     D:6: 880 daAuts
     D:5: 866 daAuts
    D:10: 819 daAuts
     D:4: 815 daAuts
     D:2: 786 daAuts
     D:9: 784 daAuts
     D:3: 741 daAuts
     D:7: 706 daAuts
     D:8: 680 daAuts
    D:11: 666 daAuts
  Lair:1: 495 daAuts
  Bailey: 314 daAuts
